 Dungeon Crawl Stone Soup version 0.28.0-45-g0d030f2227 (webtiles) character file.

Game seed: 227497467426948126

331 Bearnado the Skirmisher (level 6, -5/84 HPs)
             Began as a Minotaur Berserker on Apr 5, 2022.
             Was a Believer of Trog.
             Slain by Eustachio the unseen horror (shapeshifter) (8 damage)
             ... on level 4 of the Dungeon.
             The game lasted 00:07:51 (3115 turns).

Bearnado the Skirmisher (Minotaur Berserker)        Turns: 3115, Time: 00:07:52

Health: -5/84      AC: 11    Str: 24    XL:     6   Next: 26%
Magic:  5/5        EV:  9    Int:  4    God:    Trog [**....]
Gold:   141        SH:  0    Dex:  9    Spells: 5/5 levels left

rFire   . . .      SeeInvis .   m - +2 quarterstaff (chaos)
rCold   . . .      Faith    .   (shield currently unavailable)
rNeg    . . .      Spirit   .   v - +0 chain mail
rPois   .          Reflect  .   (helmet restricted)
rElec   .          Harm     .   n - +1 cloak
rCorr   .          Rampage  .   (no gloves)
Will    ++...                   (no boots)
Stlth   ..........              (no amulet)
HPRegen 1.24/turn               t - ring of flight
MPRegen 0.09/turn               (no ring)

@: berserking, strong-willed (expiring), flying, regenerating (expiring), very
quick
A: horns 2, retaliatory headbutt
a: Renounce Religion, Berserk, Trog's Hand


You were on level 4 of the Dungeon.
You worshipped Trog.
Trog was pleased with you.
You visited 1 branch of the dungeon, and saw 4 of its levels.

You collected 141 gold pieces.

Inventory:

Hand Weapons
 a - a +0 spear
 k - a +0 mace
 l - a +0 war axe
 m - a +2 quarterstaff of chaos (weapon)
Missiles
 j - 70 stones (quivered)
 s - 16 bolts
Armour
 n - a +1 cloak (worn)
 r - a +0 leather armour of cold resistance
 v - a +0 chain mail (worn)
Jewellery
 t - a ring of flight (left hand)
Wands
 u - a wand of acid (6)
Scrolls
 b - a scroll of summoning {unknown}
 e - 3 scrolls of identify {unknown}
 f - a scroll of enchant weapon {unknown}
 g - a scroll of blinking {unknown}
 i - a scroll of silence {unknown}
Potions
 c - 2 potions of cancellation {unknown}
 d - 2 potions of curing {unknown}
 h - a potion of magic {unknown}
 o - a potion of resistance {unknown}
 p - a potion of invisibility {unknown}
 q - a potion of degeneration {unknown}


   Skills:
 + Level 5.4 Fighting
 + Level 0.8(3.4) Axes
 + Level 5.3(5.7) Polearms
 + Level 2.4(4.2) Staves
 + Level 4.3 Armour
 + Level 2.8 Dodging
 + Level 0.1 Stealth


You had 5 spell levels left.
You didn't know any spells.
Your spell library was empty.

Dungeon Overview and Level Annotations

Branches:
Dungeon (4/15)
 Temple: D:4-7

Altars:
Zin

Annotations:
D:4 Eustachio


Innate Abilities, Weirdness & Mutations

You have a pair of horns on your head.
You reflexively headbutt those who attack you in melee.


Message History

You hit something.
You feel better.
Something hits you but does no damage. x3
The iron imp barely misses you. The iron imp closely misses you.
You barely miss something.
You feel yourself speed up. Something hits you but does no damage.
Something hits you.
* * * LOW HITPOINT WARNING * * *
Something hits you but does no damage. x2
The iron imp hits you but does no damage.
You closely miss something.
The iron imp disappears in a puff of smoke!
Something hits you.
* * * LOW HITPOINT WARNING * * *
You closely miss something.
Something hits you but does no damage. x2
Something hits you but does no damage. Something hits you but does no damage.
There is an open door, spattered with blood here.
Items here: ))) [ ††.
Something hits you but does no damage. Something hits you but does no damage.
Something hits you but does no damage. Something hits you.
* * * LOW HITPOINT WARNING * * *
Something hits you but does no damage. Something hits you but does no damage.
Something hits you!
* * * LOW HITPOINT WARNING * * *
You completely miss something. Your headbutt misses something.
Something hits you.
* * * LOW HITPOINT WARNING * * *
Something hits you.
* * * LOW HITPOINT WARNING * * *
You recover from your berserk rage.
You feel the effects of Trog's Hand fading.
Something hits you but does no damage.
You miss something. Your headbutt misses something. Something hits you.
* * * LOW HITPOINT WARNING * * *
A red film seems to cover your vision as you go berserk!
You feel yourself moving faster!
You feel mighty! Something hits you but does no damage.
You barely miss something. Something hits you!
You die...

#. #.# # #.####.......
#>### #.###. #†#
######## #...# #....
#.# #.# #..# #.# #.##
####..# #.# ##..#
#.....# #.#
#.#'###)#...# #.#
#.#.....##.#######.#
#@#.###.##...@.....#
####r#.....##..########
...r.+.._..'...#
#....#.....#...#
#...##.###.###.#
...###.....###.# ...
#'###'#...# ... ...#
#)..### ######## #####


There were no monsters in sight!

Vanquished Creatures
  An ogre (D:4)
  A bullfrog zombie (D:4)
  An orc priest (D:4)
  Crazy Yiuf (D:3)
  An iguana (D:4)
  Natasha (D:4)
  2 adders
  2 dart slugs
  5 orcs
  7 bats
  5 endoplasms
  3 giant cockroaches
  5 goblins
  4 hobgoblins
  6 jackals
  4 quokkas
  10 ball pythons
  5 frilled lizards
  8 kobolds
  6 rats
78 creatures vanquished.

Vanquished Creatures (collateral kills)
  An endoplasm (D:4)
1 creature vanquished.

Grand Total: 79 creatures vanquished

Notes
Turn   | Place    | Note
-------+----------+-------------------------------------------
     0 | D:1      | Bearnado the Minotaur Berserker began the quest for the
                  | Orb.
     0 | D:1      | Reached XP level 1. HP: 19/19 MP: 0/0
   296 | D:1      | Reached XP level 2. HP: 27/27 MP: 1/1
  1264 | D:2      | Reached XP level 3. HP: 33/33 MP: 2/2
  1500 | D:2      | Reached ** piety under Trog
  2169 | D:3      | Reached XP level 4. HP: 41/41 MP: 3/3
  2305 | D:3      | Found a runed translucent door.
  2306 | D:3      | Noticed Crazy Yiuf
  2314 | D:3      | Killed Crazy Yiuf
  2315 | D:3      | Reached skill level 5 in Polearms
  2644 | D:4      | Reached XP level 5. HP: 35/47 MP: 4/4
  2902 | D:4      | Noticed Natasha
  2913 | D:4      | Killed Natasha
  2914 | D:4      | Reached skill level 5 in Fighting
  3007 | D:4      | Found a glowing silver altar of Zin.
  3007 | D:4      | Noticed an ogre
  3016 | D:4      | Killed an ogre
  3017 | D:4      | Reached skill level 1 in Staves
  3017 | D:4      | Reached XP level 6. HP: 51/56 MP: 5/5
  3076 | D:4      | Noticed Eustachio
  3093 | D:4      | Noticed Eustachio
  3093 | D:4      | Eustachio changed into Eustachio the shapeshifter
  3093 | D:4      | Eustachio the shapeshifter changed into something unseen
  3111 | D:4      | HP: 2/56 [something (3)]
  3115 | D:4      | Slain by Eustachio the unseen horror (shapeshifter)

Illustrated notes

Levels and vault maps discovered:
D:1:      onia_arrival_mini_maze_b, layout_loops_ring
D:2:      layout_loops_corners
D:3:      layout_basic, uniq_crazy_yiuf_cottage
D:4:      layout_loops_ring, mainiacjoe_overflow_six_doors_small,
          uniq_eustachio, uniq_natasha

Skill      XL: |  1  2  3  4  5  6 |
---------------+-------------------+-----
Polearms       | 4 5 |  5.3
Fighting       | 4 5 |  5.4
Armour         | 3 4 |  4.3
Staves         | 1 2 |  2.4
Axes           | |  0.8
Dodging        | |  2.8
Stealth        | |  0.1

Action                   |  1- 3 |  4- 6 || total
-------------------------+-------+-------++-------
Melee: Spear             |   122 |     3 ||   125
       Headbutt          |    11 |    10 ||    21
       War axe           |       |    19 ||    19
       Quarterstaff      |       |    65 ||    65
Invok: Berserk           |       |     5 ||     5
       Trog's Hand       |       |     2 ||     2
Armor: Animal skin       |     8 |       ||     8
       Ring mail         |    12 |    11 ||    23
       Chain mail        |       |    30 ||    30
Dodge: Dodged            |    40 |    34 ||    74
